AoeStats
← 打一下就投

Black Forest

510102223Analyzed
4v4 RM · 4d ago on Sep 29, 2026· 44m 24s· 8 players
Game mode
Random Map
Map size
Large (8 player)
Population
200
Speed
Normal
Resources
Standard
Victory
Conquest
Starting age
Dark Age
Ending age
Imperial Age
RankedLock teamsTeams togetherTeam positionsShared explorationLock speedFull tech treeHidden civsTurbo modeCheats
Victory
Defeat
🇨🇳 Varangians · China
1257
+5
🇨🇳 Britons · China
1023
+12
🇨🇳 Persians · China
970
+38
🇨🇳 Chinese · China
770
+21
953
-14
🇨🇦 Malay · Canada
934
-13
🇷🇺 Danes · Russia
929
-13
🇩🇪 Varangians · Germany
918
-12
Heroc
0:44 Loom
13:28 Feudal Age
14:36 Double-Bit Axe
17:39 Fishing Lines
20:50 Castle Age
20:12 Gold Mining
21:54 Bow Saw
24:09 Gillnets
27:10 Forging
29:52 Imperial Age
27:43 Squires
27:44 Scale Mail Armor
28:05 Gambesons
28:05 Arson
30:08 Horse Collar
30:01 Elite Varangian Guard
31:50 Conscription
32:37 Iron Casting
33:15 Wheelbarrow
33:52 Chain Mail Armor
34:17 Gothikon
36:20 Blast Furnace
35:07 Capped Ram
35:29 Pikeman
37:06 Plate Mail Armor
38:49 Fletching
39:00 Padded Archer Armor
43:26 Bodkin Arrow
KOMMEPCAHT
5:04 Loom
13:02 Feudal Age
14:51 Double-Bit Axe
17:41 Castle Age
15:53 Horse Collar
18:28 Wheelbarrow
20:22 Hand Cart
24:16 Bow Saw
25:20 Heavy Plow
26:53 Gold Mining
26:53 Stone Mining
31:14 Gold Shaft Mining
31:14 Stone Shaft Mining
30:58 Hamask
34:35 Imperial Age
32:27 Arson
32:42 Squires
32:27 Gambesons
32:03 Pikeman
33:02 Forging
34:43 Ballistics
34:40 Capped Ram
34:41 Onager
34:45 Elite Varangian Guard
36:06 Iron Casting
35:32 Scale Mail Armor
35:25 Northmen's Fury
36:25 Conscription
37:22 Siege Ram
40:23 Siege Engineers
41:19 Chemistry
41:17 Siege Onager
43:54 Blast Furnace
43:09 Chain Mail Armor
42:55 Padded Archer Armor
42:46 Fletching
Wollof_08 / German Mum
0:44 Loom
9:55 Double-Bit Axe
15:09 Feudal Age
16:36 Bow Saw
17:02 Horse Collar
23:36 Castle Age
23:09 Stone Mining
23:39 Gold Mining
24:55 Stone Shaft Mining
24:47 Husbandry
25:10 Scale Barding Armor
25:38 Forging
27:05 Wheelbarrow
26:20 Cavalier
28:03 Gold Shaft Mining
30:09 Fervor
30:34 Hand Cart
30:46 Caravan
31:45 Treadmill Crane
33:47 Two-Man Saw
36:25 Imperial Age
33:42 Town Watch
34:34 Burgundian Vineyards
36:57 Chain Barding Armor
37:13 Iron Casting
36:48 Heavy Plow
37:31 Conscription
37:21 Fletching
39:31 Plate Barding Armor
39:58 Blast Furnace
39:12 Fortified Wall
39:36 Bodkin Arrow
40:21 Paladin
43:15 Bracer
43:00 Elite Coustillier
44:28 Devotion
R.I.P
3:17 Loom
16:14 Feudal Age
18:03 Double-Bit Axe
18:03 Horse Collar
22:54 Castle Age
24:53 Squires
25:22 Forging
26:42 Elite Skirmisher
28:19 Bow Saw
29:51 Padded Archer Armor
30:38 Fishing Lines
37:52 Wheelbarrow
38:00 Wheelbarrow
37:13 Horse Collar
39:25 Gold Mining
CNZS_溪超
0:51 Loom
14:36 Feudal Age
18:21 Castle Age
16:39 Double-Bit Axe
19:46 Scale Barding Armor
24:41 Fishing Lines
30:34 Gillnets
31:07 Bloodlines
30:58 Husbandry
32:12 Stone Mining
32:16 Gold Mining
35:55 Imperial Age
34:18 Stone Shaft Mining
34:37 Chain Barding Armor
34:24 Horse Collar
35:21 Wheelbarrow
35:38 Forging
36:01 Fletching
37:51 Plate Barding Armor
38:33 Conscription
39:48 Iron Casting
41:19 Hand Cart
40:56 Elite Jarl
42:43 Blast Furnace
44:11 Town Watch
45:01 Guilds
Daemon Targaryen
0:35 Loom
11:29 Feudal Age
12:27 Double-Bit Axe
13:36 Wheelbarrow
14:07 Horse Collar
17:12 Town Watch
19:54 Castle Age
21:08 Heavy Plow
21:27 Stone Mining
23:27 Bow Saw
26:46 Hand Cart
26:34 Gold Mining
33:18 Imperial Age
31:54 Murder Holes
31:55 Pikeman
33:56 Masonry
34:00 Fortified Wall
35:00 Two-Man Saw
35:01 Gold Shaft Mining
35:14 Architecture
35:01 Forging
35:09 Heavy Rocket Cart
36:40 Halberdier
38:30 Scale Mail Armor
39:06 Iron Casting
38:37 Scale Barding Armor
42:13 Stone Shaft Mining
42:01 Chain Barding Armor
42:42 Blast Furnace
打一下就投
10:56 Feudal Age
11:33 Double-Bit Axe
13:01 Horse Collar
19:32 Castle Age
19:08 Fletching
20:24 Bow Saw
20:27 Gold Mining
22:05 Stone Mining
22:39 Heavy Plow
25:49 Wheelbarrow
27:44 Hand Cart
28:51 Stone Shaft Mining
28:53 Gold Shaft Mining
28:48 Forging
30:11 Husbandry
30:22 Bloodlines
31:48 Iron Casting
31:19 Scale Barding Armor
31:12 Bodkin Arrow
32:08 Kamandaran
34:56 Imperial Age
35:03 Chain Barding Armor
34:47 Padded Archer Armor
34:56 Thumb Ring
34:12 Crossbowman
36:15 Two-Man Saw
35:48 Crop Rotation
34:50 Cavalier
36:40 Blast Furnace
37:03 Chemistry
36:24 Ballistics
36:51 Conscription
36:47 Citadels
37:10 Elite War Elephant
37:30 Savar
bro
11:57 Feudal Age
12:36 Loom
19:12 Castle Age
17:37 Stone Mining
18:22 Double-Bit Axe
18:26 Horse Collar
20:32 Heavy Plow
21:17 Bow Saw
25:25 Gold Mining
27:43 Town Watch
28:56 Wheelbarrow
33:44 Imperial Age
33:23 Yeomen
32:56 Fletching
33:06 Padded Archer Armor
33:56 Gold Shaft Mining
33:39 Hand Cart
33:26 Town Patrol
34:19 Bodkin Arrow
34:39 Leather Archer Armor
34:49 Conscription
35:04 Bracer
35:29 Ballistics
36:09 Chemistry
37:00 Elite Longbowman
38:41 Ring Archer Armor
38:19 Siege Engineers
37:56 Treadmill Crane
41:46 Warwolf
Connection lost

Rejoining the realm…

Still unreachable

The connection could not be restored.

Session expired

The server has moved on; the page needs a fresh start.